 Dungeon Crawl Stone Soup version 0.21-a0-185-g3a6ed1e (webtiles) character file.

17177 Ijustatesigmund the Fighter (level 12, -11/116 HPs)
             Began as a Formicid Fighter on Aug 12, 2017.
             Was a High Priest of Okawaru.
             Mangled by a cyan ugly thing (16 damage)
             ... on level 12 of the Dungeon.
             The game lasted 00:30:39 (13259 turns).

Ijustatesigmund the Fighter (Formicid Fighter)     Turns: 13259, Time: 00:30:39

Health: -11/116    AC: 27    Str: 22    XL:     12   Next: 79%
Magic:  20/20      EV:  4    Int:  8    God:    Okawaru [*****.]
Gold:   795        SH: 11    Dex: 14    Spells: 11/11 levels left

rFire    . . .     SeeInvis +   h - +1 lajatang (pain)
rCold    + . .     Gourm    .   c - +1 shield
rNeg     . . .     Faith    .   J - +5 crystal plate armour
rPois    .         Spirit   .   (helmet unavailable)
rElec    .         Reflect  .   F - +1 cloak {+Inv}
rCorr    +         Harm     .   d - +0 pair of gloves of Understanding {Stlth+}
MR       +....                  (no boots)
Stlth    ..........             (no amulet)
HPRegen  0.29/turn              B - ring of resist corrosion
MPRegen  0.17/turn              p - ring of protection from cold

@: studying Fighting
A: permanent stasis, dig shafts and tunnels, four strong arms, antennae 3,
robust 1, no potion heal 1
a: Dig, Shaft Self, Heroism, Finesse, Renounce Religion, Evoke Invisibility


You were on level 12 of the Dungeon.
You worshipped Okawaru.
Okawaru was extremely pleased with you.
You were near starving.

You visited 2 branches of the dungeon, and saw 14 of its levels.
You also visited: Bailey.

You collected 795 gold pieces.

Inventory:

Hand Weapons
 a - a +1 quarterstaff
 g - a +4 trident of freezing
 h - a +1 lajatang of pain (weapon)
 x - a +1 arbalest of freezing
Armour
 c - a +1 shield (worn)
 d - the +0 pair of gloves of Understanding (worn) {Stlth+}
   (You found it on level 5 of the Dungeon)

   It makes you more stealthy.
 F - a +1 cloak of invisibility (worn)
 J - a +5 crystal plate armour (worn)
 Q - a cursed -1 plate armour
Jewellery
 e - an uncursed ring of stealth
 k - an uncursed amulet of faith
 p - a ring of protection from cold (right hand)
 B - a ring of resist corrosion (left hand)
 H - an uncursed ring of stealth
 O - an uncursed amulet of magic regeneration
Wands
 b - a wand of lightning (11/15)
 m - a wand of confusion (7/48)
 s - a wand of enslavement (1/24)
 u - a wand of flame (22/48)
 v - a wand of confusion (9/48)
 w - a wand of flame (24/48)
 z - a wand of paralysis (2/24)
 D - a wand of flame (30/48)
 E - a wand of enslavement (6/24)
 K - a wand of disintegration (13/24)
Scrolls
 o - 2 scrolls of recharging
 q - 5 scrolls of identify
 y - a scroll of fog
 A - 4 scrolls of remove curse
 L - a scroll of amnesia
Potions
 j - a potion of resistance
 l - 2 potions of magic
 n - 2 potions of flight
 t - 3 potions of lignification
 C - a potion of curing
 M - a potion of brilliance {unknown}
 P - a potion of ambrosia
Books
 r - the Grimoire of Unholy Arts and the Mountains
   (You found it in a bailey)

   Spells                             Type                      Level
   a - Regeneration                   Charms/Necromancy            3
   b - Stone Arrow                    Conjuration/Earth            3
   c - Leda's Liquefaction            Hexes/Earth                  4
   d - Lee's Rapid Deconstruction     Earth                        5
   e - Cigotuvi's Embrace             Necromancy                   5
 G - a book of Misfortune

   Spells                             Type                      Level
   a - Confusing Touch                Hexes                        1
   b - Confuse                        Hexes                        3
   c - Gell's Gravitas                Translocation                3
   d - Petrify                        Transmutation/Earth          4
   e - Metabolic Englaciation         Hexes/Ice                    5
   f - Yara's Violent Unravelling     Hexes/Transmutation          5
 I - Sif Muna's Papyrus of Dark Magic
   (You found it on level 9 of the Dungeon)

   Spells                             Type                      Level
   a - Pain                           Necromancy                   1
 N - a manual of Fighting
Comestibles
 f - 8 bread rations
 i - 7 meat rations


   Skills:
 + Level 13.8 Fighting
 - Level 11.6 Staves
 - Level 7.2 Armour
 - Level 3.3 Dodging
 - Level 4.8 Shields
 - Level 10.6 Invocations


You had 11 spell levels left.
You didn't know any spells.

Dungeon Overview and Level Annotations

Branches:
Dungeon (13/15)            Temple (1/1) D:5            Lair (0/6) D:11
    Orc (0/2) D:9
 Vaults: D:13-14

Altars:
Ashenzari
Cheibriados
Dithmenos
Elyvilon
Fedhas
Gozag
Hepliaklqana
Kikubaaqudgha
Makhleb
Nemelex Xobeh
Okawaru
Qazlal
Ru
Sif Muna
Trog
Uskayaw
Vehumet
Wu Jian
Xom
Yredelemnul
Zin
The Shining One


Innate Abilities, Weirdness & Mutations

You cannot be hasted, slowed, berserked, paralysed or teleported.
You can dig through walls and to a lower floor.
Your four strong arms can wield two-handed weapons with a shield.
You have a pair of large antennae on your head. (SInv)
You are robust. (+10% HP)
Potions are less effective at restoring your health.


Message History

The cyan ugly thing tail-slaps you! The cyan ugly thing shocks you!
You block the cyan ugly thing's attack.
You slash the cyan ugly thing!
The cyan ugly thing is heavily wounded.
The cyan ugly thing tail-slaps you. The cyan ugly thing shocks you!
* * * LOW HITPOINT WARNING * * *
Your crystal plate armour prevents you from hitting the cyan ugly thing.
The cyan ugly thing is heavily wounded.
The cyan ugly thing tail-slaps you.
* * * LOW HITPOINT WARNING * * *
The cyan ugly thing shocks you!
* * * LOW HITPOINT WARNING * * *
You hit the cyan ugly thing but do no damage.
The cyan ugly thing is heavily wounded.
You hit the cyan ugly thing.
The cyan ugly thing is heavily wounded.
The cyan ugly thing tail-slaps you!
* * * LOW HITPOINT WARNING * * *
The cyan ugly thing shocks you!
You die...

#..###.........##
#..## ##.........#
#..# #..........#
.... #...........##
.....
...........##.# ###
............##.##
.....##.......##..#
..... ##....u.#.###
##### ###...@###
#.....# ##...##
##..# #... ###. #


You could see a cyan ugly thing.

Vanquished Creatures
  Erolcha (D:11)
  The ghost of PeterMcNeter the Cleaver, a novice HOFi of Okawaru (D:8)
  A death knight (D:12)
  2 two-headed ogres
  3 ugly things
  Psyche (D:8)
  A guardian serpent (D:11)
  A komodo dragon (D:11)
  A komodo dragon (shapeshifter) (D:13)
  A troll (D:11)
  A hornet (D:12)
  Grinder (D:6)
  A meliai zombie (D:11)
  4 hippogriffs
  A spriggan (D:7)
  6 yaks (D:11)
  Sigmund (D:6)
  2 wraiths (D:11)
  2 wyverns
  Grum (D:10)
  A steam dragon (D:8)
  A hungry ghost (D:12)
  6 vampire mosquitoes (D:12)
  A water moccasin (D:4)
  8 orc warriors
  A hornet zombie (D:8)
  3 sky beasts
  4 ice beasts
  4 phantoms
  4 ogres
  A black bear (D:8)
  3 eyes of draining
  2 wolves (D:10)
  5 centaurs
  5 big kobolds
  Blork the orc (D:6)
  6 bullfrogs
  2 wyvern zombies
  A water moccasin skeleton (D:8)
  2 scorpions
  3 killer bees (D:8)
  9 wights
  A howler monkey (D:4)
  3 jellies
  5 crimson imps
  2 centaur zombies
  A quasit (D:8)
  5 hounds
  2 bullfrog skeletons
  3 centaur skeletons
  5 orc priests
  13 orc wizards
  4 iguanas
  Terence (D:2)
  Natasha (thrice) (D:3)
  6 worker ants
  3 hound skeletons
  A worker ant zombie (D:8)
  5 gnolls
  A howler monkey skeleton (D:5)
  17 adders
  7 shadow imps
  An ooze (D:5)
  An adder skeleton (D:7)
  6 worms
  2 dart slugs
  5 leopard geckos
  53 orcs
  5 ball pythons
  5 bats
  4 giant cockroaches
  11 goblins
  7 hobgoblins
  24 jackals
  20 kobolds
  8 quokkas
  A ball python skeleton (D:4)
  2 frilled lizards (D:1)
  A quokka skeleton (D:8)
  10 rats
  A fungus (D:2)
  A plant (D:11)
362 creatures vanquished.

Vanquished Creatures (others)
  An orc wizard (D:9)
  3 orcs
4 creatures vanquished.

Grand Total: 366 creatures vanquished

Notes
Turn   | Place    | Note
-------+----------+-------------------------------------------
     0 | D:1      | Ijustatesigmund the Formicid Fighter began the quest for the Orb.
     0 | D:1      | Reached XP level 1. HP: 18/18 MP: 1/1
   369 | D:1      | Reached XP level 2. HP: 24/24 MP: 2/2
   622 | D:1      | Gained mutation: Potions are less effective at restoring your health. [potion of mutation]
   622 | D:1      | Gained mutation: You are robust. (+10% HP) [potion of mutation]
   767 | D:1      | You fall through a shaft!
   775 | D:2      | Reached XP level 3. HP: 23/31 MP: 3/3
  1063 | D:2      | Reached XP level 4. HP: 40/40 MP: 4/4
  1117 | D:2      | Reached skill level 4 in Fighting
  1130 | D:2      | Found a glowing golden altar of the Shining One.
  1133 | D:2      | Found a bloodstained altar of Trog.
  1136 | D:2      | Found a radiant altar of Vehumet.
  1240 | D:2      | Noticed Terence
  1259 | D:2      | Killed Terence
  1259 | D:2      | Reached XP level 5. HP: 31/46 MP: 5/5
  2193 | D:3      | Reached XP level 6. HP: 53/53 MP: 6/6
  2223 | D:3      | Noticed Natasha
  2230 | D:3      | Killed Natasha
  2644 | D:3      | Noticed Natasha
  2650 | D:3      | Killed Natasha
  2668 | D:3      | Noticed Natasha
  2674 | D:3      | Killed Natasha
  2802 | D:4      | Found a white marble altar of Elyvilon.
  2955 | D:4      | Reached skill level 5 in Fighting
  2955 | D:4      | Reached skill level 5 in Staves
  3047 | D:4      | Reached XP level 7. HP: 61/61 MP: 7/7
  3293 | D:4      | Noticed a water moccasin
  3299 | D:4      | Killed a water moccasin
  3339 | D:4      | Reached skill level 1 in Dodging
  3558 | D:4      | Reached XP level 8. HP: 63/69 MP: 8/8
  4039 | D:5      | Entered Level 5 of the Dungeon
  4468 | D:5      | You fall through a shaft for 2 floors!
  4468 | D:7      | Found a sacrificial altar of Ru.
  4490 | D:7      | Reached skill level 6 in Fighting
  4884 | D:6      | Reached skill level 5 in Armour
  4884 | D:6      | Reached XP level 9. HP: 62/78 MP: 9/9
  5262 | D:5      | Found a staircase to the Ecumenical Temple.
  5297 | D:5      | Got a pair of translucent gloves
  5303 | D:5      | Identified the +0 pair of gloves of Understanding {Stlth+} (You found it on level 5 of the Dungeon)
  5324 | Temple   | Entered the Ecumenical Temple
  5613 | Temple   | Became a worshipper of Warmaster Okawaru
  5671 | D:5      | Reached skill level 1 in Invocations
  5764 | D:6      | Noticed Grinder
  5783 | D:6      | Killed Grinder
  5783 | D:6      | Reached skill level 7 in Fighting
  5930 | D:6      | Noticed Blork the orc
  5939 | D:6      | Killed Blork the orc
  6087 | D:6      | Reached * piety under Okawaru
  6154 | D:6      | Noticed Sigmund
  6175 | D:6      | Killed Sigmund
  6298 | D:6      | Found a bloodstained altar of Trog.
  6563 | D:7      | Reached XP level 10. HP: 82/88 MP: 13/13
  6691 | D:7      | Found an opulent altar of Gozag.
  6803 | D:7      | Reached ** piety under Okawaru
  6803 | D:7      | Reached skill level 8 in Fighting
  6803 | D:7      | Reached skill level 5 in Invocations
  7231 | D:8      | Noticed Psyche
  7243 | D:8      | Killed Psyche
  7539 | D:8      | Noticed PeterMcNeter's ghost (novice HOFi)
  7571 | D:8      | Killed PeterMcNeter's ghost
  7571 | D:8      | Reached *** piety under Okawaru
  7571 | D:8      | Reached skill level 9 in Fighting
  7929 | D:8      | Reached **** piety under Okawaru
  7959 | D:8      | Reached skill level 10 in Staves
  8152 | D:8      | Noticed a two-headed ogre
  8160 | D:8      | Killed a two-headed ogre
  8160 | D:8      | Reached XP level 11. HP: 61/99 MP: 15/17
  8596 | D:8      | Reached skill level 10 in Fighting
  8968 | D:9      | Found a shadowy altar of Dithmenos.
  8968 | D:9      | Found a stormy altar of Qazlal.
  8968 | D:9      | Found a glowing silver altar of Zin.
  9153 | D:9      | Found a deep blue altar of Sif Muna.
  9208 | D:9      | You fall through a shaft!
  9208 | D:10     | Entered Level 10 of the Dungeon
  9208 | D:10     | Noticed Grum
  9232 | D:10     | Killed Grum
  9269 | D:9      | Found a staircase to the Orcish Mines.
  9291 | D:9      | Noticed a two-headed ogre
  9303 | D:9      | Killed a two-headed ogre
  9303 | D:9      | Reached ***** piety under Okawaru
  9325 | D:9      | Identified Sif Muna's Papyrus of Dark Magic
  9383 | D:9      | Found a flagged portal.
  9405 | Bailey   | Entered a bailey
  9900 | Bailey   | Identified the Grimoire of Unholy Arts and the Mountains
 10985 | D:11     | Noticed Erolcha
 10997 | D:11     | Killed Erolcha
 11005 | D:11     | Noticed a green ugly thing
 11037 | D:11     | You fall through a shaft for 2 floors!
 11528 | D:12     | Reached XP level 12. HP: 108/108 MP: 19/19
 11543 | D:12     | Reached skill level 10 in Invocations
 11562 | D:12     | Reached skill level 11 in Fighting
 11573 | D:12     | Found an opulent altar of Gozag.
 11646 | D:12     | Received a gift from Okawaru
 11984 | D:11     | Identified a scroll of acquirement
 12197 | D:11     | Reached skill level 12 in Fighting
 12709 | D:11     | Found a staircase to the Lair.
 12724 | D:11     | Reached skill level 13 in Fighting
 12791 | D:12     | Noticed a death knight
 12816 | D:12     | Killed a death knight
 12816 | D:12     | Received a gift from Okawaru
 13259 | D:12     | HP: 5/116 [cyan ugly thing (7)]
 13259 | D:12     | Mangled by a cyan ugly thing

Vault maps used:
D:1:      nicolae_arrival_somewhat_less_tricky_arrival
D:2:      grunt_temple_overflow_diamond, minmay_gold_behind_fungi, uniq_terence
D:3:      minmay_checkerbox, uniq_natasha
D:4:      kennysheep_six_static_rooms, lemuel_doored_altar, first_bread
D:5:      minmay_temple_entry_hall
D:6:      trog_eyes_of_draining, uniq_blork_the_orc, uniq_grinder, uniq_sigmund
D:7:      old_standard_altar, the_bakery, nicolae_sextant,
          nicolae_gozag_seed_capital
D:8:      onia_ninara_dug_in_and_dangerous, uniq_psyche
D:9:      gammafunk_temple_overflow_forgotten, led_sif_book, enter_bailey_3,
          kennysheep_generic_room_9
D:10:     item_on_display_a, uniq_grum
D:11:     david_lair_shrubbed, library_closet, nrook_guardian_serpent_ordinary,
          uniq_erolcha
D:12:     basic_altar, kennysheep_generic_room_15, uniq_urug, uniq_snorg
D:13:     hangedman_vaults_entry_quadrant_bands, serial_shops, shop,
          kennysheep_just_a_vault
Temple:   oiseaux_autumnal_temple
Bailey:   bailey_polearm_1, bailey

Skill      XL: |  1  2  3  4  5  6  7  8  9 10 11 12 |
---------------+-------------------------------------+-----
Shields        | 4 |  4.8
Staves         | 3 4 5 6 7 8 10 11 | 11.6
Fighting       | 4 5 6 7 9 10 13 | 13.8
Dodging        | 1 2 3 |  3.3
Armour         | 5 6 7 |  7.2
Invocations    | 4 8 9 10 | 10.6

Action                   |  1- 3 |  4- 6 |  7- 9 | 10-12 || total
-------------------------+-------+-------+-------+-------++-------
Melee: Quarterstaff      |    70 |   181 |   392 |   726 ||  1369
       Trident           |       |       |       |   240 ||   240
       Lajatang          |       |       |       |    23 ||    23
Invok: Heroism           |       |       |       |     6 ||     6
       Finesse           |       |       |       |     2 ||     2
 Abil: Shaft Self        |     1 |       |     1 |     2 ||     4
       Dig               |     1 |       |       |    13 ||    14
Evoke: Wand              |       |       |       |    15 ||    15
  Use: Scroll            |    10 |     5 |     7 |    13 ||    35
       Potion            |     1 |     2 |     2 |     8 ||    13
 Stab: Invisible         |       |       |       |     5 ||     5
  Eat: Chunk             |     1 |     4 |    10 |     8 ||    23
       Royal jelly       |       |     1 |       |     2 ||     3
       Fruit             |       |       |     2 |       ||     2
       Bread ration      |       |       |       |     3 ||     3
       Meat ration       |       |       |       |     2 ||     2
Armor: Scale mail        |    25 |    52 |    92 |       ||   169
       Chain mail        |       |       |     3 |   156 ||   159
       Crystal plate arm |       |       |       |   353 ||   353
Dodge: Dodged            |    24 |    44 |   110 |   236 ||   414
Block: Shield            |    37 |   100 |   187 |   583 ||   907
